 Dungeon Crawl Stone Soup version 0.29-a0-919-gd064cfad1c (webtiles) character file.

Game seed: 3228932124407766383

27 ders the Magician (level 3, -5/25 HPs)
             Began as a Djinni Conjurer on July 26, 2022.
             Slain by a gnoll
             ... wielding a +0 flail
              (7 damage)
             ... on level 2 of the Dungeon.
             The game lasted 00:01:13 (1146 turns).

ders the Magician (Djinni Conjurer)                 Turns: 1146, Time: 00:01:13

Health: -5/25      AC:  3    Str:  6    XL:     3   Next: 25%
Gold:   70         EV:  6    Int: 21    God:
                   SH:  0    Dex: 11

rFire   + + .      SeeInvis .   (no weapon)
rCold   x . .      Faith    .   (no shield)
rNeg    . . .      Spirit   .   a - +0 robe
rPois   ∞          Reflect  .   (no helmet)
rElec   .          Harm     .   (no cloak)
rCorr   .          Rampage  .   f - +0 pair of gloves
Will    .....                   (boots unavailable)
Stlth   ++........              (no amulet)
HPRegen 0.08/turn               (no ring)
MPRegen 0.00/turn               (no ring)

@: flying, held
A: sickness immunity, fire resistance 2, cold vulnerability 1, float, innate
caster, HP casting, extra vitality 1
a: no special abilities


You were on level 2 of the Dungeon.
You visited 1 branch of the dungeon, and saw 2 of its levels.

You collected 70 gold pieces.

Inventory:

Armour
 a - a +0 robe (worn)
 f - a +0 pair of gloves (worn)
Scrolls
 b - 3 scrolls of identify {unknown}
 c - a scroll of torment {unknown}


   Skills:
 - Level 2.1 Dodging
 - Level 1.5 Stealth
 * Level 4.0 Spellcasting


You couldn't memorise any spells.
You knew the following spells:

 Your Spells              Type           Power      Damage    Failure   Level
a - Magic Dart            Conj           84%        1d7       2%          1
b - Searing Ray           Conj           42%        2d6       3%          2
c - Dazzling Flash        Conj/Hex       42%        N/A       7%          3
d - Fulminant Prism       Conj/Hex       10%        3d9       22%         4
e - Iskenderun's Mystic   Conj/Tloc      21%        2d6       22%         4
f - Slow                  Hex            84%        N/A       2%          1
Your spell library was empty.

Dungeon Overview and Level Annotations

Branches:
Dungeon (2/15)

Altars:


Innate Abilities, Weirdness & Mutations

You are immune to sickness and miasma.
You are immune to poison.
Your flesh is very heat resistant. (rF++)
You are vulnerable to cold. (rC-)
You float through the air rather than walking.
You learn spells naturally, not from books.
Your magical power is your life essence.
You have superior vitality. (+4 MHP)


Message History

Press: ? - help, Shift-Dir - straight line, f/p - gnoll
Aim: a gnoll, wielding a +0 halberd (almost dead, 100% to hit)
The magic dart hits the gnoll.
You kill the gnoll!
The gnoll shouts!
Your Spellcasting skill increases to level 4!
You have reached level 3!
Your experience leads to an increase in your attributes!
Increase (S)trength, (I)ntelligence, or (D)exterity?
You feel clever. x2
The power to cast Slow wells up from within.
Spell assigned to 'f'.
Casting: Magic Dart (safe; 2% risk of failure)
Confirm with . or Enter, or press ? or * to list all spells.
You can't see any susceptible monsters within range! (Use Z to cast anyway.)
Casting: Magic Dart (safe; 2% risk of failure)
Confirm with . or Enter, or press ? or * to list all spells.
Aiming: Slow (safe; 2% risk of failure)
Press: ? - help, Shift-Dir - straight line, f - gnoll
Aim: a gnoll, wielding a +0 flail (chance to affect: 69%)
The gnoll struggles to resist.
Casting: Slow (safe; 2% risk of failure)
Confirm with . or Enter, or press ? or * to list all spells.
Casting: Dazzling Flash (quite dangerous; 7% risk of failure)
Press: ? - help, Dir - look around, f - activate The gnoll is dazzled.
The gnoll throws a poisoned dart.
The poisoned dart hits you!
You struggle against the net.
The gnoll hits you with a +0 flail!
It was a potion of heal wounds.
You feel much better.
The gnoll hits you from afar with a +0 spear.
The gnoll hits you with a +0 flail!
It was a potion of curing.
You feel better. The gnoll hits you with a +0 flail!
* * * LOW HITPOINT WARNING * * *
You struggle against the net.
You struggle against the net.
The gnoll throws a poisoned dart.
The poisoned dart hits you!
The gnoll hits you from afar with a +0 spear.
* * * LOW HITPOINT WARNING * * *
The gnoll hits you with a +0 flail!
You die...

..
#......#_'....≈_§....'÷#
.
##.....###....#≈#....###
#.......#...........#
#.......##.........##
#.......###...)...##
#.......# ##)....##
#.......###.......#
#........g.g..⌠...#
###....).g.@...####
...........#####
.........†.#
............#
............#
.....####### ..... ...


You could see 3 gnolls.

Vanquished Creatures
  A gnoll (D:2)
  2 orcs (D:2)
  An endoplasm (D:2)
  A giant cockroach (D:2)
  2 goblins (D:1)
  2 jackals (D:2)
  A kobold (D:2)
  A quokka (D:1)
  3 ball pythons (D:1)
  A rat (D:1)
15 creatures vanquished.

Vanquished Creatures (others)
  16 plants (D:2)
16 creatures vanquished.

Grand Total: 31 creatures vanquished

Notes
Turn   | Place    | Note
-------+----------+-------------------------------------------
     0 | D:1      | ders the Djinni Conjurer began the quest for the Orb.
     0 | D:1      | ders set off with the following spells memorised: Magic
                  | Dart, Searing Ray, Dazzling Flash, Fulminant Prism,
                  | Iskenderun's Mystic Blast.
     0 | D:1      | Reached XP level 1. HP: 15/15 MP: 0/0
   567 | D:1      | Reached XP level 2. HP: 17/21 MP: 0/0
  1044 | D:2      | Found a faded altar of an unknown god.
  1140 | D:2      | Reached skill level 4 in Spellcasting
  1140 | D:2      | Reached XP level 3. HP: 20/25 MP: 0/0
  1140 | D:2      | Learned a level 1 spell: Slow
  1146 | D:2      | Slain by a gnoll

Illustrated notes

Levels and vault maps discovered:
D:1:      evilmike_arrival_crescent, layout_basic
D:2:      layout_basic, hellmonk_ecumenical_altar_defaced_shrine, serial_shops,
          shop, minivault_14, minmay_misc_feat_rows, nicolae_grassy_gnolls,
          uniq_crazy_yiuf_cottage

Skill      XL: |  1  2 |
---------------+-------+-----
Spellcasting   | 4 |  4.0
Dodging        | |  2.1
Stealth        | |  1.5

Action                   || total
-------------------------++-------
 Cast: Magic Dart        ||    33
       Searing Ray       ||     2
       Slow              ||     1
       Dazzling Flash    ||     1
  Use: Potion            ||     2
Dodge: Dodged            ||     1

Table legend: (Time is in decaauts)
 A = Elapsed time spent in this place.
 B = Non-inter-level travel time spent in this place.
 C = Inter-level travel time spent in this place.
 D = Time resting spent in this place.
 E = Time spent auto-exploring this place.
 F = Levels seen in this place.
 G = Mean time per level.
                   A        B        C        D        E       F      G
               +--------+--------+--------+--------+--------+-----+--------+
         Total |   1145 |   1128 |     17 |      0 |   1044 |   2 |  572.5 |
       Dungeon |   1145 |   1128 |     17 |      0 |   1044 |   2 |  572.5 |
               +--------+--------+--------+--------+--------+-----+--------+

Top non-repeatable levels by time:
     D:1: 732 daAuts
     D:2: 413 daAuts
